Map: Dusk Towers

Players

BraneloB

  • Race: Zerg Zerg
  • League: Master

Miszu - Winner!

  • Race: Terran Terran
  • League: Master

VOD

Have the link to the VOD?

Description

Time

  • Played on: March 13, 2016, 9:41 a.m.
  • Length: 13:07
Show
View Real Time Build Order
Export as new Build Order

BraneloB Zerg 

Build Orders: Hatch First 

Get SALT Encoding   

  12  0:01  Drone  
  13  0:12  Overlord  
  13  0:22  Drone  
  14  0:31  Drone x2  
  16  0:36  Drone  
  17  0:53  Hatchery  
  17  0:56  Drone  
  17  0:59  Drone  
  18  1:11  Extractor  
  17  1:14  Spawning Pool  
  17  1:18  Drone  
  17  1:20  Drone  
  18  1:28  Drone  
  19  1:39  Overlord  
  19  1:50  Drone  
  20  2:01  Queen  
  20  2:02  Zergling x2  
  20  2:06  Zergling x2, Queen  
  26  2:11  Drone  
  26  2:12  Metabolic Boost  
  27  2:15  Drone  
  27  2:21  Drone  
  29  2:26  Drone  
  30  2:34  Drone  
  31  2:37  Queen  
  31  2:54  Drone x2  
  31  2:56  Queen  
  35  3:01  Overlord  
  35  3:05  Drone  
  36  3:17  Extractor  
  36  3:19  Roach Warren  
  34  3:20  Lair  
  34  3:21  Drone x2  
  34  3:25  Drone  
  34  3:26  Drone  
  38  3:28  Drone  
  38  3:33  Drone  
  40  3:34  Drone  
  40  3:37  Overlord  
  41  3:44  Drone  
  41  3:45  Drone x2  
  44  3:55  Overlord  
  44  3:58  Drone  
  44  4:00  Queen  
  47  4:05  Drone  
  47  4:06  Drone  
  49  4:17  Nydus Network  
  49  4:22  Roach  
  49  4:23  Zergling x10  
  55  4:28  Queen  
  55  4:29  Overlord  
  59  4:31  Roach  
  59  4:32  Zergling x2  
  60  4:45  Spore Crawler  
  57  4:46  Spore Crawler  
  60  4:58  Zergling x2  
  60  4:59  Zergling x4, Queen  
  61  5:03  Queen, Nydus Canal  
  61  5:06  Zergling x6  
  61  5:07  Zergling x4  
  67  5:16  Roach  
  49  5:49  Nydus Canal  
  49  5:57  Drone  
  49  5:58  Drone x5  
  49  6:01  Extractor  
  54  6:08  Hatchery  
  38  6:27  Glial Reconstitution  
  38  6:29  Drone x6  
  38  6:30  Queen  
  46  6:33  Extractor, Hatchery  
  46  6:34  Drone x2  
  46  6:35  Drone x2  
  48  6:44  Drone x2  
  51  6:47  Zergling x2  
  51  6:52  Drone  
  51  6:54  Evolution Chamber  
  51  6:56  Evolution Chamber  
  51  6:58  Roach x4  
  58  7:02  Drone  
  58  7:05  Drone  
  58  7:07  Overlord x2  
  60  7:14  Overlord x2  
  60  7:22  Zerg Missile Weapons Level 1  
  60  7:23  Zerg Ground Armor Level 1  
  60  7:26  Drone x2  
  60  7:27  Drone x4  
  66  7:32  Queen  
  66  7:33  Drone x2  
  66  7:36  Drone  
  66  7:37  Drone  
  72  7:43  Drone x2  
  73  7:47  Overlord x2  
  73  7:53  Roach  
  73  7:54  Extractor x2, Roach  
  73  7:56  Roach x2  
  73  7:58  Roach  
  81  8:01  Roach  
  81  8:03  Queen  
  85  8:07  Roach x2  
  85  8:10  Drone x2  
  91  8:14  Roach x2  
  91  8:15  Ravager  
  91  8:16  Ravager x2  
  98  8:20  Roach x2  
  98  8:22  Roach  
  98  8:25  Roach  
  98  8:26  Roach  
  108  8:28  Roach  
  108  8:30  Roach  
  112  8:35  Overlord x2  
  112  8:39  Overlord  
  112  8:50  Overlord x3  
  112  8:56  Ravager x3  
  112  8:57  Ravager, Roach  
  112  8:58  Roach  
  112  8:59  Zergling x12  
  126  9:04  Zergling x4  
  126  9:07  Ravager  
  126  9:08  Roach x2  
  133  9:11  Roach  
  133  9:12  Roach  
  135  9:19  Roach x3  
  135  9:24  Roach x2  
  123  9:25  Roach  
  123  9:27  Roach  
  123  9:28  Roach  
  123  9:30  Roach  
  129  9:33  Zergling x6  
  129  9:34  Zergling x2  
  129  9:36  Zergling x2  
  129  9:37  Zergling x2  
  135  9:39  Ravager  
  135  9:42  Zergling x6  
  135  9:43  Zergling x2  
  139  9:48  Roach x2  
  139  9:51  Zergling x4, Drone  
  116  9:54  Roach  
  116  9:55  Roach  
  116  9:58  Zergling x2  
  97  10:00  Zergling x2  
  97  10:03  Zergling x6  
  97  10:05  Zergling x2  
  95  10:09  Roach  
  90  10:15  Roach x2  
  90  10:18  Roach  
  94  10:22  Roach  
  94  10:23  Roach  
  94  10:26  Roach  
  95  10:31  Roach x2  
  95  10:32  Roach  
  96  10:39  Roach x2  
  96  10:40  Roach  
  102  10:45  Roach  
  102  10:46  Roach x2  
  102  10:49  Roach  
  108  10:54  Ravager x2  
  108  10:55  Roach x2  
  114  11:00  Roach x2  
  114  11:03  Drone x3  
  121  11:06  Ravager  
  121  11:09  Roach x2  
  126  11:13  Drone x3  
  129  11:21  Roach x3  
  129  11:23  Roach  
  125  11:27  Roach x2  
  133  11:33  Roach x3  
  133  11:39  Ravager  
  136  11:47  Overlord x4  
  136  11:53  Roach  
  136  12:00  Overlord x2  
  136  12:11  Roach x8  
  132  12:25  Roach x6  
  132  12:28  Roach x2  
  124  12:35  Roach  
  104  12:39  Roach  
  78  12:44  Roach  
  78  12:50  Drone  
  68  12:53  Ravager x2  
Show
View Real Time Build Order
Export as new Build Order

Miszu Terran - Winner!

Build Orders: Liberator Opening, Reaper Expand, MMM Bio 

Get SALT Encoding   

  12  0:00  SCV  
  13  0:12  SCV  
  14  0:18  Supply Depot  
  14  0:25  SCV  
  15  0:39  SCV  
  15  0:41  Barracks  
  16  0:44  Refinery  
  16  0:51  SCV  
  17  1:03  SCV  
  18  1:16  SCV  
  19  1:30  Reaper, Orbital Command  
  20  1:40  Command Center  
  20  1:51  Supply Depot  
  20  1:57  SCV  
  21  2:01  Refinery  
  21  2:09  Barracks Reactor, SCV  
  22  2:23  SCV  
  22  2:24  Factory  
  23  2:35  SCV  
  24  2:44  Marine x2  
  24  2:47  SCV  
  27  2:52  Orbital Command  
  26  2:59  SCV  
  26  3:05  Marine x2  
  27  3:08  Starport, Factory Tech Lab  
  27  3:11  SCV  
  30  3:18  SCV  
  31  3:23  Marine x2, SCV  
  34  3:28  Siege Tank  
  34  3:30  SCV  
  34  3:31  Liberator  
  38  3:35  SCV  
  38  3:42  Command Center  
  38  3:44  SCV  
  39  3:51  SCV  
  43  3:56  SCV  
  43  3:58  Supply Depot  
  44  4:04  SCV  
  44  4:08  SCV  
  46  4:14  Liberator  
  46  4:16  Barracks x2  
  46  4:20  Marine x2, SCV x2  
  46  4:23  Refinery  
  46  4:24  Refinery  
  50  4:32  SCV  
  54  4:38  Supply Depot  
  54  4:40  Supply Depot  
  54  4:53  SCV x2, Orbital Command  
  56  5:01  Engineering Bay  
  56  5:05  SCV x2  
  56  5:06  Barracks Tech Lab x2  
  58  5:10  Marine, Siege Tank  
  58  5:12  Marine  
  63  5:18  SCV x2  
  62  5:31  Marine x2  
  57  5:37  SCV  
  57  5:40  Marine x2  
  59  5:47  Siege Tank  
  59  5:48  Marine  
  59  5:49  Marine  
  64  5:54  SCV x3  
  67  5:57  Marine  
  67  5:58  Marine  
  67  6:02  Starport Reactor  
  69  6:06  Marine, SCV  
  69  6:07  Marine  
  64  6:19  Marine  
  64  6:23  SCV  
  64  6:24  Marine, SCV x2  
  64  6:25  Marine x2, Siege Tank  
  73  6:28  Stimpack, Combat Shields  
  73  6:35  SCV  
  73  6:36  SCV  
  73  6:37  Marine  
  76  6:42  Marine x3, SCV  
  80  6:48  Engineering Bay, SCV x2, Orbital Command  
  80  6:53  Medivac  
  85  6:55  Marine  
  85  7:01  Barracks x2  
  85  7:30  Marine x4, Medivac, SCV  
  85  7:37  SCV x2  
  93  7:39  Terran Infantry Armor Level 1  
  93  7:40  Terran Infantry Weapons Level 1  
  93  7:42  SCV  
  95  7:45  Siege Tank  
  95  7:48  Marine x3  
  95  7:49  Barracks  
  95  7:51  Barracks  
  101  7:52  Supply Depot, Barracks  
  101  7:54  Supply Depot  
  101  7:55  Supply Depot  
  101  7:56  Supply Depot  
  101  7:57  Supply Depot  
  101  7:58  Supply Depot  
  101  7:59  Supply Depot x2  
  101  8:01  Barracks Reactor  
  101  8:02  Barracks Reactor  
  101  8:13  Marine  
  101  8:14  Medivac, Marauder, SCV x3, Armory  
  109  8:20  Marine x2  
  109  8:26  SCV x3  
  114  8:30  Siege Tank  
  114  8:31  Marine, Medivac  
  120  8:35  Marine  
  120  8:36  Marine  
  120  8:38  Marine, SCV x2  
  125  8:44  Marine  
  125  8:47  Marine x2  
  125  8:48  Marine x4  
  131  8:50  Marauder  
  131  8:53  Marauder  
  131  8:54  Marine  
  137  8:59  Marine  
  137  9:02  Marine  
  138  9:05  Marine x2  
  138  9:06  Supply Depot  
  138  9:07  Supply Depot  
  138  9:09  Supply Depot  
  141  9:10  Marine  
  141  9:11  Marine x3, Marauder  
  141  9:12  Marine, Medivac  
  141  9:15  Marauder  
  151  9:17  Marine  
  140  9:28  Marine  
  140  9:29  Marine x6, Widow Mine  
  140  9:30  Marine  
  148  9:32  Marauder  
  148  9:35  Marine, Refinery  
  148  9:36  Marauder  
  153  9:38  Refinery  
  153  9:46  Marine  
  153  9:50  Marine  
  153  9:52  Marine  
  138  9:53  Marine x6  
  138  9:54  Marauder  
  138  9:57  Marauder  
  138  9:58  Widow Mine  
  141  10:04  Marine  
  136  10:08  Marine  
  136  10:10  Marine x4  
  136  10:11  Marine  
  131  10:15  Marauder  
  131  10:18  Marine x2  
  131  10:19  Marauder  
  131  10:22  Marine  
  131  10:26  Marine  
  131  10:28  Marine x5  
  119  10:36  Marine x2  
  119  10:37  Marauder  
  119  10:39  Marine, Medivac x2, Siege Tank  
  119  10:40  Marauder  
  133  10:44  Marine  
  133  10:46  Marine x5  
  133  10:49  Terran Infantry Armor Level 2, Terran Infantry Weapons Level 2  
  136  10:53  Marine  
  136  10:54  Marine  
  136  10:56  Supply Depot  
  138  10:58  Marauder  
  138  11:01  Marine  
  138  11:02  Marauder  
  138  11:03  Concussive Shells  
  143  11:04  Terran Vehicle Weapons Level 1  
  143  11:08  Marine  
  143  11:09  Marine x5, Medivac x2  
  153  11:11  Marine, Siege Tank  
  153  11:12  Marine  
  158  11:19  Marine, Marauder  
  158  11:23  Marauder  
  144  11:26  Marine  
  144  11:27  Marine x5  
  144  11:29  Marine  
  144  11:30  Marine  
  152  11:37  Marine  
  152  11:39  Medivac x2  
  157  11:41  Marauder  
  157  11:44  Marine, Marauder  
  157  11:45  Marine x4  
  166  11:47  Marine  
  166  11:48  Marine x2, Hellion  
  171  11:55  Marine  
  171  11:59  Orbital Command  
  172  12:02  Marine x5, Marauder, SCV  
  172  12:06  Marauder  
  181  12:15  Marine  
  181  12:16  Marine x3  
  181  12:20  Marine x5  
  174  12:23  Marauder  
  174  12:27  Marauder  
  176  12:33  Marine  
  176  12:34  Marine x3  
  155  12:37  Marine  
  155  12:38  Marine x4  
  140  12:45  Marauder  
Tags
 
Add a new tag
Caveats
  • Supply blocks, unpowered buildings, or Contaminate may cause inaccurate times.
  • Supply counts are checked every 10 seconds.